 Dungeon Crawl Stone Soup version 0.31-a0-875-g02e7d12df6 (webtiles) character file.

Game seed: 9961812006429565274

259 Azuregosa the Covert (level 6, -5/42 HPs)
             Began as an Octopode Delver on Oct 12, 2023.
             Slain by a phantom (7 damage)
             ... on level 5 of the Dungeon.
             The game lasted 00:09:24 (2992 turns).

Azuregosa the Covert (Octopode Delver)              Turns: 2992, Time: 00:09:24

Health: -5/42      AC:  1    Str: 12    XL:     6   Next: 17%
Magic:  9/9        EV: 13    Int: 14    God:
Gold:   174        SH:  0    Dex: 13    Spells: 5/9 levels left

rFire   . . .        a - +0 short sword
rCold   . . .        (no shield)
rNeg    . . .        (helmet restricted)
rPois   +            (no amulet)
rElec   .            g - ring of poison resistance
rCorr   .            (no ring)
SInv    .            (no ring)
Will    .....        (no ring)
Stlth   +++++        (no ring)
HPRegen 0.27/turn    (no ring)
MPRegen 0.11/turn    (no ring)
                     (no ring)

%: no passive effects
@: hasted, very quick
A: almost no armour, amphibious, 8 rings, camouflage 1, gelatinous body 1,
(nimble swimmer 1), tentacles
a: no special abilities


You were on level 5 of the Dungeon.
You visited 1 branch of the dungeon, and saw 6 of its levels.

You collected 174 gold pieces.

Inventory:

Hand Weapons
 a - a +0 short sword (weapon)
Missiles
 j - 4 silver javelins
 k - 4 poisoned darts
Jewellery
 g - a ring of poison resistance (left tentacle)
Wands
 f - a wand of digging (3)
Scrolls
 b - 2 scrolls of fog
 c - a scroll of revelation
 d - 2 scrolls of fear
 h - a scroll of noise {unknown}
 m - 7 scrolls of identify {unknown}
 n - 4 scrolls of teleportation {unknown}
 q - a scroll of brand weapon {unknown}
 s - a scroll of acquirement {unknown}
 u - 2 scrolls of blinking {unknown}
 v - a scroll of enchant armour {unknown}
 y - a scroll of poison {unknown}
Potions
 i - a potion of resistance {unknown}
 l - a potion of might {unknown}
 o - 2 potions of curing {unknown}
 p - a potion of degeneration {unknown}
 r - 2 potions of attraction {unknown}
 t - a potion of lignification {unknown}
 w - a potion of berserk rage {unknown}
 x - a potion of invisibility {unknown}
 z - a potion of heal wounds {unknown}


   Skills:
 - Level 3.0 Fighting
 - Level 2.0 Short Blades
 - Level 2.0 Dodging
 - Level 9.3 Stealth
 + Level 2.2 Spellcasting
 - Level 0.5 Translocations
 + Level 2.7 Poison Magic


You had 5 spell levels left.
You knew the following spells:

 Your Spells              Type           Power      Damage    Failure   Level
a - Blink                 Tloc           4%         N/A       28%         2
b - Poisonous Vapours     Pois/Air       10%        N/A       21%         2

Your spell library contained the following spells:

 Spells                   Type           Power      Damage    Failure   Level
 Lesser Beckoning         Tloc           4%         N/A       28%         2
 Momentum Strike          Conj/Tloc      4%         3d8       32%         2
 Mephitic Cloud           Conj/Pois/Air  4%         N/A       43%         3
 Volatile Blastmotes      Fire/Tloc      4%         2d10      54%         3
 Dazzling Flash           Conj/Hex       2%         N/A       56%         3
 Freezing Cloud           Conj/Ice/Air   0%         6-21      100%        5
 Starburst                Conj/Fire      0%         6d3       100%        6
 Maxwell's Capacitive Co  Air            0%         ∞         100%        8


Dungeon Overview and Level Annotations

Branches:
Dungeon (6/15)
 Temple: D:4-7

Altars:

Shops:
D:2 =   D:4 =


Innate Abilities, Weirdness & Mutations

You cannot wear most types of armour.
You are amphibious.
You can wear up to eight rings at the same time.
Your skin changes colour to match your surroundings (Stealth+).
Your rubbery body absorbs attacks. (AC +1, EV +1)
((You are camouflaged when in or above water. (Stealth+)))
You have tentacles for arms and can constrict up to eight enemies at once.


Message History

Found 8 gold pieces and a leather armour.
You see here a +0 orcbow.
There is a stone staircase leading down here.
You now have enough gold to buy a ring of see invisible on this level.
You can access your shopping list by pressing '$'.
You now have 166 gold pieces (gained 8).
z - a fuming red potion
There is a stone staircase leading down here.
You climb downwards.
Found 8 gold pieces.
There is a stone staircase leading up here.
Found a brass ring.
A phantom comes into view.
You see here 8 gold pieces.
You now have 174 gold pieces (gained 8).
You hit the phantom but do no damage. Your squeeze misses the phantom.
The phantom hits you!
You hit the phantom. Your squeeze misses the phantom.
The phantom is lightly damaged.
The phantom hits you.
The phantom blinks!
You blink.
You hit the phantom but do no damage. You hit the phantom but do no damage.
The phantom hits you!
The phantom blinks!
You blink.
You barely miss the phantom. The white imp gestures at you.
The puff of frost hits you! The phantom hits you.
The phantom blinks!
You blink.
Found a scroll labelled LEGIRHIONI and 2 fuming red potions.
You barely miss the phantom. Your squeeze misses the phantom.
The white imp gestures at you. The puff of frost hits you.
* * * LOW HITPOINT WARNING * * *
The phantom closely misses you.
You closely miss the phantom. The phantom hits you.
* * * LOW HITPOINT WARNING * * *
The phantom blinks!
You blink.
You feel yourself speed up. The phantom hits you!
* * * LOW HITPOINT WARNING * * *
The phantom attacks as it pursues you! The phantom hits you!
You die...

#...# ###...# #.#.!.#
.####.#...####
.............##
..............#
?.............###
..#..§.W......#
....=.§..@....#.#
.#..#....5....# #.
#.........# #.
#.........# #
#..#...........#
.#.#..#...........#
#.....................
#.#.#.#..#...........#
.........<#.####....#


You could see a phantom and a white imp.

Vanquished Creatures
  A sky beast (D:3)
  An iguana (D:4)
  5 gnolls (D:2)
  2 adders (D:4)
  A worm (D:2)
  4 dart slugs
  3 orcs
  8 ball pythons
  8 endoplasms
  3 giant cockroaches
  6 goblins (D:1)
  5 hobgoblins
  2 jackals (D:2)
  2 quokkas
  6 bats
  2 frilled lizards
  2 kobolds
  10 rats
71 creatures vanquished.

Notes
Turn   | Place    | Note
-------+----------+-------------------------------------------
     0 | D:5      | Azuregosa the Octopode Delver began the quest for the Orb.
     0 | D:5      | Reached XP level 1. HP: 16/16 MP: 1/1
    12 | D:5      | Noticed an orc wizard
    33 | D:6      | Noticed a hound
    33 | D:6      | Noticed an ogre
    34 | D:6      | Noticed an orc wizard
    90 | D:4      | Reached skill level 7 in Stealth
   165 | D:2      | Found Zireemuz's Jewellery Emporium.
   174 | D:2      | Reached XP level 2. HP: 21/21 MP: 2/2
   383 | D:1      | Reached XP level 3. HP: 26/26 MP: 3/3
   510 | D:1      | Reached skill level 8 in Stealth
   621 | D:1      | Learned a level 2 spell: Blink
  1319 | D:2      | Reached XP level 4. HP: 31/31 MP: 4/4
  1372 | D:2      | Learned a level 2 spell: Poisonous Vapours
  1576 | D:2      | Reached skill level 1 in Spellcasting
  1580 | D:2      | Reached skill level 1 in Poison Magic
  1942 | D:3      | Reached XP level 5. HP: 36/36 MP: 6/6
  2034 | D:3      | Noticed a sky beast
  2042 | D:3      | Killed a sky beast
  2043 | D:3      | Reached skill level 9 in Stealth
  2529 | D:5      | Noticed an ogre
  2529 | D:5      | Noticed an ogre
  2835 | D:4      | Reached XP level 6. HP: 24/42 MP: 7/9
  2924 | D:4      | Found Juerul's Jewellery Shop.
  2991 | D:5      | HP: 2/42 [phantom (7)]
  2992 | D:5      | Slain by a phantom

Illustrated notes

Levels and vault maps discovered:
D:1:      dpeg_arrival_subterranean_lakeside_camping, layout_basic
D:2:      layout_loops_cross, serial_shops, nicolae_shop_gaudy_bauble,
          minmay_vboxes
D:3:      layout_basic
D:4:      layout_loops_ring, serial_shops, nicolae_shop_behind_doors
D:5:      layout_basic
D:6:      wander_river, layout_loops_ring, fiery_altar_vehumet, temple_hall,
          serial_shops, shop, uniq_maggie

Skill      XL: |  1  2  3  4  5 |
---------------+----------------+-----
Stealth        | 7 8 9 |  9.3
Spellcasting   | 1 2 |  2.2
Poison Magic   | 1 2 |  2.7
Fighting       | |  3.0
Short Blades   | |  2.0
Dodging        | |  2.0
Translocations | |  0.5

Action                     |  1- 3 |  4- 6 || total
---------------------------+-------+-------++-------
  Melee: Short sword       |    61 |    54 ||   115
         Tentacles         |     9 |     7 ||    16
         Constrict         |    12 |     7 ||    19
         Punch             |     1 |       ||     1
   Cast: Poisonous Vapours |       |     2 ||     2
    Use: Potion            |       |     1 ||     1
   Stab: Sleeping          |    27 |    18 ||    45
 Armour: Skin              |    13 |    19 ||    32
  Dodge: Dodged            |    18 |    16 ||    34

Table legend: (Time is in decaauts)
 A = Elapsed time spent in this place.
 B = Non-inter-level travel time spent in this place.
 C = Inter-level travel time spent in this place.
 D = Time resting spent in this place.
 E = Time spent auto-exploring this place.
 F = Levels seen in this place.
 G = Mean time per level.
                   A        B        C        D        E       F      G
               +--------+--------+--------+--------+--------+-----+--------+
         Total |   2982 |   2982 |      0 |     98 |   1979 |   6 |  497.0 |
       Dungeon |   2982 |   2982 |      0 |     98 |   1979 |   6 |  497.0 |
               +--------+--------+--------+--------+--------+-----+--------+

Top non-repeatable levels by time:
     D:3: 833 daAuts
     D:1: 800 daAuts
     D:2: 739 daAuts
     D:4: 519 daAuts
     D:5: 68 daAuts
     D:6: 20 daAuts
